 Dungeon Crawl Stone Soup version 0.26.0-16-gc1dbca0489 (webtiles) character file.

Game seed: 15334418758805935535

827 shakesphere1979 the Digger (level 7, -2/43 HPs)
             Began as a Gargoyle Earth Elementalist on Jan 18, 2021.
             Was a Follower of Nemelex Xobeh.
             Slain by a centaur (6 damage)
             ... on level 6 of the Dungeon.
             The game lasted 00:19:09 (8514 turns).

shakesphere1979 the Digger (GrEE)                   Turns: 8514, Time: 00:19:10

Health: -2/43      AC:  9    Str: 12    XL:     7   Next: 97%
Magic:  11/13      EV: 12    Int: 17    God:    Nemelex Xobeh [*.....]
Gold:   242        SH:  5    Dex: 10    Spells: 11/14 levels left

rFire    . . .     SeeInvis .   F - +3 flail
rCold    . . .     Faith    .   (no shield)
rNeg     + . .     Spirit   .   c - +0 robe
rPois    ∞         Reflect  +   w - +0 helmet
rElec    +         Harm     .   n - +0 cloak
rCorr    .         Rampage  .   y - +0 pair of gloves
Will     .....                  (no boots)
Stlth    ++........             x - amulet of reflection
HPRegen  0.14/turn              (no ring)
MPRegen  0.13/turn              (no ring)

@: no status effects
A: negative energy resistance 1, electricity resistance, unbreathing,
petrification resistance, miasma immunity, AC +4
a: Renounce Religion, Draw Escape, Draw Destruction, Draw Summoning


You were on level 6 of the Dungeon.
You worshipped Nemelex Xobeh.
Nemelex Xobeh was aware of your devotion.
You visited 2 branches of the dungeon, and saw 7 of its levels.

You collected 242 gold pieces.

Inventory:

Hand Weapons
 F - a +3 flail (weapon)
Missiles
 b - 122 stones
 d - 33 sling bullets
 e - 21 poisoned darts
 i - 116 arrows
 D - 4 atropa-tipped darts
 E - 2 throwing nets
Armour
 c - a +0 robe (worn)
 n - a +0 cloak (worn)
 w - a +0 helmet (worn)
 y - a +0 pair of gloves (worn)
Jewellery
 x - an amulet of reflection (around neck)
Wands
 l - a wand of random effects (13)
Scrolls
 a - a scroll of fear
 g - 2 scrolls of enchant weapon
 k - a scroll of fog
 p - 3 scrolls of teleportation
 q - 4 scrolls of magic mapping
 s - 2 scrolls of identify
 v - 3 scrolls of remove curse
Potions
 f - 2 potions of brilliance {unknown}
 h - a potion of flight {unknown}
 j - 2 potions of magic {unknown}
 m - a potion of cancellation {unknown}
 o - 2 potions of attraction {unknown}
 r - a potion of resistance {unknown}
 z - 2 potions of haste {unknown}
 A - a potion of berserk rage {unknown}
 B - 3 potions of curing {unknown}
 C - 2 potions of might {unknown}


   Skills:
 - Level 4.0 Fighting
 - Level 3.0 Dodging
 - Level 2.1 Stealth
 + Level 4.3 Spellcasting
 - Level 3.0 Transmutations
 + Level 6.1 Earth Magic


You had 11 spell levels left.
You knew the following spells:

 Your Spells              Type           Power        Failure   Level
a - Sandblast             Erth           48%          1%          1
b - Passwall              Tmut/Erth      15%          3%          2

Your spell library contained the following spells:

 Spells                   Type           Power        Failure   Level
 Sting                    Tmut/Pois      32%          9%          1
 Stone Arrow              Conj/Erth      28%          13%         3
 Animate Skeleton         Necr           6%           16%         1
 Pain                     Necr           12%          16%         1
 Poisonous Vapours        Pois/Air       6%           22%         2
 Petrify                  Tmut/Erth      19%          22%         4
 Ignite Poison            Fire/Tmut/Pois 7%           30%         3
 Lee's Rapid Deconstruct  Erth           12%          32%         5
 Mephitic Cloud           Conj/Pois/Air  3%           41%         3
 Vampiric Draining        Necr           1%           41%         3
 Animate Dead             Necr           1%           83%         4
 Olgreb's Toxic Radiance  Pois           3%           83%         4
 Agony                    Necr           3%           99%         5


Dungeon Overview and Level Annotations

Branches:
Dungeon (6/15)             Temple (1/1) D:4

Altars:
Ashenzari
Cheibriados
Dithmenos
Elyvilon
Gozag
Hepliaklqana
Kikubaaqudgha
Makhleb
Nemelex Xobeh
Okawaru
Qazlal
Ru
Sif Muna
Trog
Uskayaw
Wu Jian
Xom
Yredelemnul
Zin
The Shining One

Annotations:
D:3 1 runed translucent door, shakesphere1979's ghost, amateur NaEn


Innate Abilities, Weirdness & Mutations

You are resistant to torment.
Your stone body is resilient. (AC +4)
You are immune to poison.
You resist negative energy. (rN+)
You are resistant to electric shocks. (rElec)
You can survive without breathing.
You are immune to petrification.
You are immune to miasma.


Message History

Confirm with . or Enter, or press ? or * to list all spells.
Aiming: Sandblast (safe; 1% risk of failure)
Press: ? - help, Shift-Dir - straight line, f - centaur
Aim: a centaur, quivering 37 arrows (heavily wounded, 12% to evade)
The blast of sand hits the centaur!
The centaur is almost dead.
The centaur hits you.
* * * LOW HITPOINT WARNING * * *
Casting: Sandblast (safe; 1% risk of failure)
Confirm with . or Enter, or press ? or * to list all spells.
Aiming: Sandblast (safe; 1% risk of failure)
Press: ? - help, Shift-Dir - straight line, f/p - centaur
Aim: a centaur, quivering 37 arrows (almost dead, 12% to evade)
The blast of sand hits the centaur.
The centaur is almost dead.
The centaur hits you.
* * * LOW HITPOINT WARNING * * *
The centaur hits you.
You die...
Your body glows slightly and disappears.

..........#
..........##. ##..
.....†....... #..
..........## #.# #
################.# .##
..........(......##... .
########...........##...
..... +................
##### #..(((((.@..#
#.........c.# ##
#............... ....#
#............### ....#
#.....(......# ....#
#............# ....#
############.# ....# .#
....#


You could see a centaur.

Vanquished Creatures
  2 ogres
  An orc priest (D:5)
  A centaur skeleton (D:4)
  3 bullfrog skeletons
  6 orc wizards
  3 worker ants
  A worker ant zombie (D:6)
  3 gnolls (D:5)
  7 adders
  2 ufetubi (D:6)
  2 oozes
  3 worms (D:3)
  An adder skeleton (D:4)
  A dart slug (D:2)
  3 leopard geckos
  23 orcs
  3 ball pythons
  6 bats
  7 giant cockroaches
  11 goblins
  14 hobgoblins
  4 jackals (D:1)
  4 quokkas
  4 frilled lizards
  12 kobolds
  2 rats (D:2)
129 creatures vanquished.

Vanquished Creatures (others)
  2 withered plants (D:3)
2 creatures vanquished.

Grand Total: 131 creatures vanquished

Notes
Turn   | Place    | Note
-------+----------+-------------------------------------------
     0 | D:1      | shakesphere1979 the Gargoyle Earth Elementalist began the
                  | quest for the Orb.
     0 | D:1      | Reached XP level 1. HP: 10/10 MP: 3/3
   359 | D:1      | Reached skill level 1 in Transmutations
   359 | D:1      | Reached XP level 2. HP: 15/16 MP: 0/5
   955 | D:1      | Reached skill level 1 in Fighting
  1082 | D:1      | Reached XP level 3. HP: 10/20 MP: 1/6
  1388 | D:1      | Reached skill level 4 in Earth Magic
  2268 | D:2      | Found a burning altar of Makhleb.
  2367 | D:2      | Found a sacrificial altar of Ru.
  2393 | D:2      | Reached XP level 4. HP: 25/25 MP: 7/7
  3222 | D:3      | Found a runed translucent door.
  3223 | D:3      | Noticed shakesphere1979's ghost (amateur NaEn)
  4304 | D:4      | Noticed an ogre
  4312 | D:4      | Killed an ogre
  4313 | D:4      | Reached XP level 5. HP: 3/30 MP: 4/9
  4369 | D:4      | Reached XP level 6. HP: 2/36 MP: 5/10
  5017 | D:4      | Found a staircase to the Ecumenical Temple.
  5075 | Temple   | Entered the Ecumenical Temple
  5358 | Temple   | Learned a level 2 spell: Passwall
  5617 | Temple   | Became a worshipper of Nemelex Xobeh the Trickster
  5682 | D:4      | Reached skill level 5 in Earth Magic
  6583 | D:5      | Entered Level 5 of the Dungeon
  6618 | D:5      | Reached XP level 7. HP: 28/41 MP: 10/12
  6769 | D:5      | Reached * piety under Nemelex Xobeh
  6957 | D:5      | Received a gift from Nemelex Xobeh
  8093 | D:6      | Reached skill level 6 in Earth Magic
  8514 | D:6      | Slain by a centaur

Illustrated notes

Levels and vault maps discovered:
D:1:      minmay_arrival_widening_spiral_narrow, layout_basic
D:2:      layout_basic, nicolae_overflow_hidden_temple
D:3:      layout_basic, gammafunk_ghost_grave
D:4:      layout_loops_ring, minmay_temple_entry_junction_2, minmay_quantized
D:5:      corexii_shantytown, layout_cave_pools,
          minmay_a_box_with_orc_wizards_in_it
D:6:      layout_basic
Temple:   hc_temple_tempest_star

Skill      XL: |  1  2  3  4  5  6  7 |
---------------+----------------------+-----
Transmutations | 1 2 3 |  3.0
Fighting       | 1 2 3 4 |  4.0
Earth Magic    | 4 5 6 |  6.1
Dodging        | 2 3 |  3.0
Spellcasting   | 3 4 |  4.3
Stealth        | |  2.1

Action                   |  1- 3 |  4- 6 |  7- 9 || total
-------------------------+-------+-------+-------++-------
Melee: Whip              |   127 |       |       ||   127
       Unarmed           |     1 |       |       ||     1
       Falchion          |    34 |   202 |    43 ||   279
       Long sword        |       |       |    78 ||    78
       Flail             |       |       |    62 ||    62
 Cast: Sandblast         |    14 |    26 |    23 ||    63
  Use: Scroll            |       |     6 |     3 ||     9
 Stab: Sleeping          |     3 |     5 |     9 ||    17
Armor: Robe              |    72 |    74 |   115 ||   261
Dodge: Dodged            |   124 |   145 |   179 ||   448
Block: Other             |       |       |    20 ||    20
       Reflection        |       |       |     1 ||     1
       Rpst.: Falchion   |     4 |    41 |     7 ||    52
       Long sword        |       |       |    24 ||    24
